 Dungeon Crawl Stone Soup version 0.29.0-4-gdea44cf6ec (webtiles) character file.

Game seed: 158308668111043976

238 qw the Sneak (level 6, 0/38 HPs)
             Began as a Gargoyle Delver on Sept 10, 2022.
             Slain by Edmund
             ... wielding a +2 dire flail of protection
              (8 damage)
             ... on level 4 of the Dungeon.
             The game lasted 00:01:13 (4532 turns).

qw the Sneak (Gargoyle Delver)                      Turns: 4532, Time: 00:01:14

Health: 0/38       AC: 13    Str: 18    XL:     6   Next: 7%
Magic:  6/6        EV:  7    Int: 10    God:
Gold:   211        SH:  0    Dex: 11    Spells: 5/5 levels left

rFire   . . .      SeeInvis .   Y - +0 war axe
rCold   . . .      Faith    .   (no shield)
rNeg    + . .      Spirit   .   h - +0 chain mail
rPois   inf        Reflect  .   (no helmet)
rElec   +          Harm     .   (no cloak)
rCorr   .          Rampage  .   (no gloves)
Will    +....                   (no boots)
Stlth   ..........              (no amulet)
HPRegen 0.12/turn               c - ring of willpower
MPRegen 0.10/turn               (no ring)

@: no status effects
A: sickness immunity, AC +4, negative energy resistance 1, electricity
resistance, torment resistance 1, petrification resistance
a: no special abilities


You were on level 4 of the Dungeon.
You visited 1 branch of the dungeon, and saw 5 of its levels.

You collected 211 gold pieces.


Innate Abilities, Weirdness & Mutations

You are immune to sickness and miasma.
Your stone body is resilient. (AC +4)
You are immune to poison.
You resist negative energy. (rN+)
You are resistant to electric shocks. (rElec)
You are resistant to unholy torment.
You are immune to petrification.


   Skills:
 + Level 3.8 Fighting
 - Level 5.0 Axes
 - Level 2.0 Armour
 - Level 1.5 Dodging
 - Level 5.4 Stealth


You had 5 spell levels left.
You didn't know any spells.
Your spell library was empty.

Inventory:

Hand Weapons
 b - a +2 vorpal flail
 Y - a +0 war axe (weapon)
Armour
 h - a +0 chain mail (worn)
Jewellery
 c - a ring of willpower (left hand)
Wands
 g - a wand of digging (3)
Scrolls
 a - a scroll of identify
 i - a scroll of noise {unknown}
Potions
 d - a potion of curing {unknown}
 e - a potion of mutation {unknown}
 f - a potion of haste

Dungeon Overview and Level Annotations

Branches:
Dungeon (5/15)
 Temple: D:4-7

Altars:
Ashenzari
Cheibriados
Hepliaklqana
The Shining One

Shops:
D:3 (   D:4 (

Annotations:
D:4 Edmund


Message History

The iguana is moderately wounded.
The iguana barely misses you.
You closely miss the iguana.
The iguana is moderately wounded.
The iguana barely misses you.
You hit the iguana but do no damage.
The iguana is moderately wounded.
The iguana closely misses you.
You hit the iguana.
The iguana is heavily wounded.
The iguana barely misses you. The iguana closely misses you.
You slash the iguana!
You kill the iguana!
You have reached level 6!
You start resting.
HP restored.
Edmund the Younger comes into view.
He is wielding a +2 dire flail of protection.
You see here an iguana corpse.
You hit Edmund but do no damage. Edmund hits you but does no damage.
You hit Edmund but do no damage.
Edmund hits you with a +2 dire flail of protection.
You hit Edmund but do no damage.
Edmund hits you with a +2 dire flail of protection!
Edmund barely misses you.
You completely miss Edmund.
Edmund hits you with a +2 dire flail of protection.
You closely miss Edmund.
Edmund hits you with a +2 dire flail of protection!
You barely miss Edmund. Edmund hits you but does no damage.
You hit Edmund.
Edmund is lightly wounded.
Edmund barely misses you.
Edmund hits you with a +2 dire flail of protection.
You hit Edmund but do no damage. Edmund barely misses you.
You hit Edmund but do no damage.
Edmund hits you with a +2 dire flail of protection!
You die...

. .## ..# #.. #.#
#.# #@# #@# #.#
##### #.# ##...##
#.#
......##########.#
...............#.#
......########.#.##
##### ##...##
#....## ##)..##
##.#######
#.....#######.....#


You could see Edmund.

Vanquished Creatures
  2 hounds
  Jessica (D:2)
  Terence (D:2)
  An iguana (D:4)
  2 gnolls (D:1)
  3 adders
  3 dart slugs
  An orc (D:2)
  5 bats
  5 endoplasms
  4 giant cockroaches
  5 hobgoblins
  4 kobolds
  A quokka (D:2)
  7 ball pythons
  7 frilled lizards
  4 rats
56 creatures vanquished.

Notes
Turn   | Place    | Note
-------+----------+-------------------------------------------
     0 | D:5      | qw the Gargoyle Delver began the quest for the Orb.
     0 | D:5      | Reached XP level 1. HP: 14/14 MP: 1/1
     0 | D:5      | 0 ||| qw: Version: 0.1-a-116-g5d60599
     0 | D:5      | 0 ||| qw: Game counter: 8106
     0 | D:5      | 0 ||| qw: Always use a shield: true
     0 | D:5      | 0 ||| qw: God list: Okawaru
     0 | D:5      | 0 ||| qw: Allow faded altars: false
     0 | D:5      | 0 ||| qw: Do Orc after D:15 true
     0 | D:5      | 0 ||| qw: Do second Lair branch before Depths: true
     0 | D:5      | 0 ||| qw: Lair rune preference: random
     0 | D:5      | 0 ||| qw: Plans: Normal
     0 | D:5      | 0 ||| PLANNING D:1-11
     3 | D:5      | 3 ||| DROPPING scroll of fog.
     4 | D:5      | 4 ||| DROPPING scroll of magic mapping.
     5 | D:5      | 5 ||| DROPPING scroll of fear.
    17 | D:3      | 17 ||| Stepping ~*~*~tactically~*~*~ (hiding).
   119 | D:3      | 119 ||| Stepping ~*~*~tactically~*~*~ (hiding).
   221 | D:3      | 221 ||| Stepping ~*~*~tactically~*~*~ (hiding).
   323 | D:3      | 323 ||| Stepping ~*~*~tactically~*~*~ (hiding).
   425 | D:3      | 425 ||| Stepping ~*~*~tactically~*~*~ (hiding).
   527 | D:3      | 527 ||| Stepping ~*~*~tactically~*~*~ (hiding).
   629 | D:3      | 629 ||| Stepping ~*~*~tactically~*~*~ (hiding).
   731 | D:3      | 731 ||| Stepping ~*~*~tactically~*~*~ (hiding).
   833 | D:3      | 833 ||| Stepping ~*~*~tactically~*~*~ (hiding).
   935 | D:3      | 935 ||| Stepping ~*~*~tactically~*~*~ (hiding).
  1129 | D:3      | 1129 ||| READING 2 scrolls labelled OZOTZACAEH.
  1135 | D:3      | Found Uthromos's Weapon Emporium.
  1211 | D:2      | 1211 ||| Stepping ~*~*~tactically~*~*~ (stealth).
  1212 | D:2      | 1212 ||| Stepping ~*~*~tactically~*~*~ (stealth).
  1213 | D:2      | 1213 ||| SWAPPING to +0 war axe.
  1214 | D:2      | 1214 ||| DROPPING +0 hand axe.
  1226 | D:2      | Noticed Terence
  1227 | D:2      | 1227 ||| Stepping ~*~*~tactically~*~*~ (stealth).
  1233 | D:2      | Killed Terence
  1234 | D:2      | Reached skill level 3 in Axes
  1234 | D:2      | Reached XP level 2. HP: 8/19 MP: 2/2
  1234 | D:2      | Reached XP level 3. HP: 10/23 MP: 3/3
  1549 | D:2      | 1549 ||| DROPPING orb of light.
  1550 | D:2      | 1550 ||| UPGRADING to +0 chain mail.
  1560 | D:2      | 1560 ||| Stepping ~*~*~tactically~*~*~ (stealth).
  1561 | D:2      | 1561 ||| Stepping ~*~*~tactically~*~*~ (stealth).
  1562 | D:2      | 1562 ||| DROPPING +0 leather armour.
  1563 | D:2      | 1563 ||| READING scroll labelled DEUCRU WEIRPH.
  1633 | D:1      | 1633 ||| Stepping ~*~*~tactically~*~*~ (stealth).
  1638 | D:1      | Reached skill level 1 in Armour
  1639 | D:1      | 1639 ||| Stepping ~*~*~tactically~*~*~ (stealth).
  1680 | D:1      | 1680 ||| Stepping ~*~*~tactically~*~*~ (stealth).
  1781 | D:1      | Reached XP level 4. HP: 28/28 MP: 4/4
  1806 | D:1      | 1806 ||| Stepping ~*~*~tactically~*~*~ (stealth).
  1905 | D:1      | Found a faded altar of an unknown god.
  2035 | D:1      | 2035 ||| Stepping ~*~*~tactically~*~*~ (stealth).
  2358 | D:1      | 2358 ||| READING scroll labelled XUENEB QEPSOTA.
  2361 | D:1      | 2361 ||| READING 2 scrolls of identify.
  2361 | D:1      | 2361 ||| IDENTIFYING bubbling purple potion
  2362 | D:1      | 2362 ||| DROPPING potion of attraction.
  2428 | D:2      | Noticed Jessica
  2433 | D:2      | Killed Jessica
  2452 | D:2      | 2452 ||| FLEEEEING.
  2453 | D:2      | 2453 ||| FLEEEEING.
  2459 | D:2      | 2459 ||| FLEEEEING.
  2460 | D:2      | 2460 ||| FLEEEEING.
  2461 | D:2      | 2461 ||| FLEEEEING.
  2462 | D:2      | 2462 ||| FLEEEEING.
  2463 | D:2      | 2463 ||| FLEEEEING.
  2464 | D:2      | 2464 ||| FLEEEEING.
  2467 | D:2      | 2467 ||| FLEEEEING.
  2468 | D:2      | 2468 ||| FLEEEEING.
  2469 | D:2      | 2469 ||| FLEEEEING.
  2470 | D:2      | 2470 ||| FLEEEEING.
  2471 | D:2      | 2471 ||| FLEEEEING.
  2472 | D:2      | 2472 ||| FLEEEEING.
  2473 | D:2      | 2473 ||| FLEEEEING.
  2474 | D:2      | 2474 ||| FLEEEEING.
  2475 | D:2      | 2475 ||| FLEEEEING.
  2476 | D:2      | 2476 ||| FLEEEEING.
  2477 | D:2      | 2477 ||| FLEEEEING.
  2478 | D:2      | 2478 ||| STAIRDANCE
  2619 | D:2      | Reached XP level 5. HP: 31/32 MP: 5/5
  2795 | D:2      | You fall into a shaft and drop 1 floor!
  2798 | D:3      | 2798 ||| Stepping ~*~*~tactically~*~*~ (hiding).
  2826 | D:3      | 2826 ||| DROPPING +0 mace.
  2827 | D:3      | 2827 ||| READING scroll labelled KYZEAF ROXTUFAY.
  3035 | D:2      | 3035 ||| DROPPING orb of light.
  3036 | D:2      | 3036 ||| READING 2 scrolls of identify.
  3036 | D:2      | 3036 ||| IDENTIFYING sedimented brown potion
  3037 | D:2      | 3037 ||| DROPPING potion of berserk rage.
  3163 | D:3      | Found a snail-covered altar of Cheibriados.
  3166 | D:3      | Found a glowing golden altar of the Shining One.
  3349 | D:3      | Found a hazy altar of Hepliaklqana.
  3668 | D:3      | Found a broken altar of Ashenzari.
  3967 | D:3      | 3967 ||| UPGRADING to ring of willpower.
  3968 | D:3      | 3968 ||| READING scroll labelled LOTAEC VUAKH.
  4052 | D:4      | 4052 ||| DROPPING +0 flail.
  4187 | D:4      | Found Vuhuota's Weapon Emporium.
  4188 | D:4      | 4188 ||| Stepping ~*~*~tactically~*~*~ (hiding).
  4428 | D:4      | Reached XP level 6. HP: 27/38 MP: 6/6
  4518 | D:4      | Noticed Edmund
  4530 | D:4      | HP: 7/38 [Edmund/+2 dire flail of protection (6)]
  4532 | D:4      | Slain by Edmund

Levels and vault maps discovered:
D:1:      dpeg_arrival_three_bigger_balls, layout_rooms,
          ebering_ecumenical_altar_mist
D:2:      layout_loops_ring, corexii_hall_statues_x, uniq_jessica, uniq_terence
D:3:      layout_basic, mainiacjoe_overflow_alcove_4, nicolae_overflow_squiral,
          lemuel_tele_altar, serial_shops, shop, serial_bayou_lagoon_a
D:4:      old_forge, layout_loops_corners, mainiacjoe_overflow_surrounded_room,
          minmay_temple_entry_glassed_door, kennysheep_windowed_goal,
          uniq_edmund
D:5:      layout_basic, trog_butcher_becter, ebering_ghost_rock_garden,
          uniq_menkaure

Skill      XL: |  1  2  3  4  5 |
---------------+----------------+-----
Axes           | 3 4 5 |  5.0
Armour         | 1 2 |  2.0
Fighting       | |  3.8
Dodging        | |  1.5
Stealth        | |  5.4

Action                   |  1- 3 |  4- 6 || total
-------------------------+-------+-------++-------
Melee: Hand axe          |    12 |       ||    12
       War axe           |    37 |   139 ||   176
       Punch             |       |     1 ||     1
  Use: Scroll            |     2 |     5 ||     7
Armor: Leather armour    |    15 |       ||    15
       Chain mail        |    15 |    74 ||    89
Dodge: Dodged            |    40 |    56 ||    96

Table legend:
 A = Non-vault XP
 B = Vault XP
 C = Vault XP percentage of total XP
 D = Non-vault monster count
 E = Vault monster count
 F = Vault count percentage of total count
                 A         B        C        D         E       F
            +---------+---------+-------+---------+---------+-------
      Total |     218 |     122 |  35.9 |      51 |       5 |   8.9
            +---------+---------+-------+---------+---------+-------
        D:1 |      56 |       0 |   0.0 |      23 |       0 |   0.0
        D:2 |      46 |      73 |  61.3 |      14 |       2 |  12.5
        D:3 |      61 |       0 |   0.0 |       9 |       0 |   0.0
        D:4 |      55 |      49 |  47.1 |       5 |       3 |  37.5
            +---------+---------+-------+---------+---------+-------
